 Dungeon Crawl Stone Soup version 0.31.0-12-g77e489cdc1 (webtiles) character file.

Game seed: 6542989983599651913

35529 DildoBatman the Geomancer (level 14, 0/98 HPs)
             Began as a Formicid Conjurer on Feb 12, 2024.
             Was an Initiate of Gozag.
             Slain by Rupert
             ... wielding a +4 triple sword of freezing
              (2 damage)
             ... on level 4 of the Lair of Beasts.
             The game lasted 01:02:32 (15763 turns).

DildoBatman the Geomancer (Formicid Conjurer)      Turns: 15763, Time: 01:02:33

Health: 0/98       AC: 22    Str: 13    XL:     14   Next: 19%
Magic:  5/26       EV: 14    Int: 27    God:    Gozag
Gold:   1834       SH: 11    Dex: 16    Spells: 6/29 levels left

rFire   + + .        a - +8 mace "Kyer" {drain, ^Contam rF++ Int+5}
rCold   + . .        D - +0 kite shield
rNeg    . . .        N - +7 Kryia's mail coat {PotionHeal*2 rC+}
rPois   .            (helmet unavailable)
rElec   .            Q - +1 cloak
rCorr   .            g - +0 pair of gloves
SInv    +            j - +1 pair of boots
Will    +....        m - amulet of magic regeneration
Stlth   +            e - +6 ring of dexterity
HPRegen 0.36/turn    P - +5 ring of evasion
MPRegen 0.60/turn

%: no passive effects
@: freezing walls, very slightly contaminated
A: permanent stasis, dig shafts and tunnels, antennae 3, four strong arms,
iridescent scales 1, clumsy 1
a: Dig, Shaft Self, Renounce Religion, Potion Petition, Call Merchant, Bribe
Branch


You were on level 4 of the Lair of Beasts.
You worshipped Gozag.
Gozag was most pleased with you.
You visited 2 branches of the dungeon, and saw 15 of its levels.

You collected 3550 gold pieces.
You spent 1496 gold pieces at shops.
You paid 220 gold pieces to Gozag.

Inventory:

Hand Weapons
 a - the +8 mace "Kyer" (weapon) {drain, ^Contam rF++ Int+5}
   (You found it on level 2 of the Dungeon)

   Int+5:     It affects your intelligence (+5).
   rF++:      It greatly protects you from fire.
   ^Contam:   It causes magical contamination when unequipped.
 V - the +10 longbow of Dismemberment {heavy, rF++}
   (You found it on level 9 of the Dungeon)

   rF++:      It greatly protects you from fire.
Missiles
 x - 4 atropa-tipped darts (quivered)
 G - 62 poisoned darts
 M - 2 throwing nets
 O - 4 curare-tipped darts
Armour
 g - a +0 pair of gloves (worn)
 j - a +1 pair of boots (worn)
 C - the +2 robe "Lyocwang" {^Drain +Inv rCorr Dex+8}
   (You found it on level 5 of the Dungeon)

   Dex+8:     It affects your dexterity (+8).
   +Inv:      It lets you turn invisible.
   rCorr:     It protects you from acid and corrosion.
   ^Drain:    It drains your maximum health when unequipped.
 D - a +0 kite shield (worn)
 N - the +7 Kryia's mail coat (worn) {PotionHeal*2 rC+}
   (You found it on level 1 of the Lair of Beasts)

   PotionHeal*2: Potions heal its wearer twice as much.
   rC+:       It protects you from cold.
 Q - a +1 cloak (worn)
Magical Staves
 R - a staff of earth
Jewellery
 e - a +6 ring of dexterity (left hand)
 h - a ring of fire
 k - a ring of flight
 m - an amulet of magic regeneration (around neck)
 w - an amulet of the acrobat
 B - a ring of wizardry
 F - a ring of resist corrosion
 P - a +5 ring of evasion (right hand)
 W - a ring of ice
Wands
 J - a wand of iceblast (32)
 S - a wand of light (5)
Scrolls
 c - a scroll of identify
 d - 2 scrolls of fog
 f - 3 scrolls of enchant armour
 l - 2 scrolls of amnesia
 o - a scroll of poison {unknown}
 s - 2 scrolls of noise {unknown}
 u - a scroll of vulnerability {unknown}
 E - a scroll of enchant weapon {unknown}
 H - 2 scrolls of silence {unknown}
 L - 2 scrolls of revelation
 U - a scroll of torment {unknown}
 Y - a scroll of acquirement {unknown}
 Z - a scroll of immolation {unknown}
Potions
 b - 2 potions of magic
 i - a potion of haste {unknown}
 n - a potion of cancellation {unknown}
 p - a potion of lignification {unknown}
 q - 3 potions of heal wounds
 r - a potion of curing {unknown}
 v - 3 potions of enlightenment
 z - 3 potions of invisibility
 A - a potion of degeneration {unknown}
 T - a potion of attraction {unknown}
 X - 2 potions of might


   Skills:
 * Level 5.5 Fighting
 - Level 4.0 Maces & Flails
 * Level 5.5 Armour
 * Level 3.6 Dodging
 - Level 4.0 Stealth
 - Level 9.0 Shields
 - Level 8.0 Spellcasting
 - Level 6.0 Conjurations
 - Level 11.0 Necromancy
 - Level 6.0 Ice Magic
 - Level 4.0 Air Magic
 - Level 11.0 Earth Magic
 - Level 6.0 Alchemy
 - Level 7.0 Shapeshifting


You had 6 spell levels left.
You knew the following spells:

 Your Spells              Type           Power      Damage    Failure   Level
a - Borgnjor's Vile Clut  Necr/Erth      31%        N/A       17%         5
b - Frozen Ramparts       Ice            86%        1d13      14%         3
c - Magic Dart            Conj           100%       1d8       4%          1
d - Dispel Undead         Necr           63%        3d22      6%          4
e - Mephitic Cloud        Conj/Alch/Air  39%        N/A       19%         3
f - Vampiric Draining     Necr           63%        2d10      1%          3
g - Cigotuvi's Dreadful   Necr/Alch/Air  96%        N/A       4%          2
h - Searing Ray           Conj           86%        2d7       7%          2

Your spell library contained the following spells:

 Spells                   Type           Power      Damage    Failure   Level
 Kiss of Death            Conj/Necr      100%       2d13      1%          1
 Necrotise                Necr           100%       1d9       1%          1
 Fugue of the Fallen      Necr           63%        N/A       1%          3
 Freeze                   Ice            100%       1d10      4%          1
 Sting                    Conj/Alch      100%       1d9       4%          1
 Shock                    Conj/Air       100%       1d9       7%          1
 Hailstorm                Conj/Ice       43%        3d9       14%         3
 Curse of Agony           Necr           63%        N/A       17%         5
 Ensorcelled Hibernation  Hex/Ice        54%        N/A       24%         2
 Fulminant Prism          Conj/Alch      21%        3d12      43%         4
 Apportation              Tloc           20%        N/A       50%         1
 Summon Small Mammal      Summ           40%        N/A       50%         1
 Anguish                  Hex/Necr       20%        N/A       50%         4
 Martyr's Knell           Necr/Summ      40%        N/A       50%         4
 Airstrike                Air            16%        2d(3-19)  71%         4
 Alistair's Intoxication  Alch           28%        N/A       78%         5
 Ignite Poison            Fire/Alch      27%        N/A       85%         4
 Iskenderun's Mystic Bla  Conj/Tloc      27%        2d7       85%         4
 Sticky Flame             Fire/Alch      27%        2d7       85%         4
 Confusing Touch          Hex            10%        N/A       86%         3
 Freezing Cloud           Conj/Ice/Air   19%        6-21      87%         5
 Summon Blazeheart Golem  Fire/Summ      10%        N/A       99%         4
 Metabolic Englaciation   Hex/Ice        13%        N/A       99%         5
 Yara's Violent Unravell  Hex/Alch       13%        3d7       99%         5
 Eringya's Noxious Bog    Alch           21%        4d6       100%        6
 Orb of Destruction       Conj           21%        9d8       100%        7
 Spellforged Servitor     Conj/Summ      13%        N/A       100%        7
 Chain Lightning          Conj/Air       18%        3d24      100%        9
 Swiftness                Air            Unusable   N/A       N/A         3

Dungeon Overview and Level Annotations

Branches:
Dungeon (11/15)            Temple (0/1) D:7            Lair (4/5) D:10
  Swamp (0/4) Lair:2        Snake (0/4) Lair:3          Orc (0/2) D:9
  Slime: Lair:4-5

Altars:
Cheibriados
Dithmenos
Elyvilon
Fedhas
Gozag
Kikubaaqudgha
Makhleb
Nemelex Xobeh
Qazlal
Ru
Sif Muna
Uskayaw
Vehumet
Wu Jian
Xom
The Shining One

Shops:
D:2 :   D:5 [   D:7 :

Annotations:
D:3 exclusion: dancing weapon
D:7 exclusion: walking earthen tome
Lair:4 Rupert


Innate Abilities, Weirdness & Mutations

You cannot be hasted, slowed, berserked, paralysed or teleported.
You can dig through walls and to a lower floor.
You have a pair of large antennae on your head. (SInv)
Your four strong arms can wield two-handed weapons with a shield.
You are partially covered in iridescent scales. (AC +2)
You are clumsy. (Dex -2)


Message History

Casting: Vampiric Draining (safe; 1% risk of failure)
Confirm with . or Enter, or press ? or * to list all spells.
Aiming: Vampiric Draining (safe; 1% risk of failure)
Press: ? - help, Shift-Dir - straight line, f/p - Rupert
Aim: Rupert, wielding a +4 triple sword of freezing and wearing a +0 leather armour (lightly wounded, berserk, constricted by zombie hands)
You draw life force from Rupert!
You feel life coursing into your body.
The zombie hands constrict Rupert.
The wall freezes Rupert!
You block Rupert's attack.
The wall freezes Rupert.
Rupert hits you with a +4 triple sword of freezing!!
Rupert freezes you.
Casting: Vampiric Draining (safe; 1% risk of failure)
Confirm with . or Enter, or press ? or * to list all spells.
Aiming: Vampiric Draining (safe; 1% risk of failure)
Press: ? - help, Shift-Dir - straight line, f/p - Rupert
Aim: Rupert, wielding a +4 triple sword of freezing and wearing a +0 leather armour (moderately wounded, berserk, constricted by zombie hands)
You draw life force from Rupert!
You feel life coursing into your body.
The zombie hands constrict Rupert.
The wall freezes Rupert!
Rupert barely misses you.
Casting: Vampiric Draining (safe; 1% risk of failure)
Confirm with . or Enter, or press ? or * to list all spells.
Aiming: Vampiric Draining (safe; 1% risk of failure)
Press: ? - help, Shift-Dir - straight line, f/p - Rupert
Aim: Rupert, wielding a +4 triple sword of freezing and wearing a +0 leather armour (heavily wounded, berserk, constricted by zombie hands)
You draw life force from Rupert!
You feel life coursing into your body.
The zombie hands constrict Rupert!
The zombie hands release their grip on Rupert.
The wall freezes Rupert.
You block Rupert's attack.
The wall freezes Rupert.
Rupert hits you with a +4 triple sword of freezing!!
Rupert freezes you.
You die...
Rupert roars with triumph.
Your body crumbles into a pile of gold.

#
##.........P.......##..
#..###....#..#...###..
#### #####.#.....P.##.
###..........
#####.......... #
##.##.)...#..... #.
###...............
##..#P....%.#.........
#...@@................
#...........P.........
#......................
##.....................
#.............<.......
##..#..#.....#........
#..........## ..#.
#.###.###... ...# ....


You could see Rupert (berserk).

Vanquished Creatures
  Nessos (Lair:3)
  A two-headed ogre (D:11)
  A centaur warrior (D:9)
  3 death yaks (Lair:3)
  Amaemon (Lair:2)
  3 bog bodies (Lair:2)
  Pikel (D:4)
  An orc knight (D:11)
  An ugly thing (D:9)
  2 manticores (D:11)
  Maurice (D:7)
  5 elephants (Lair:2)
  3 black mambas
  2 slime creatures (D:5)
  Joseph (D:7)
  9 cane toads
  Jeremiah (D:8)
  An orange demon (Lair:2)
  A torpor snail (Lair:1)
  3 rime drakes
  10 komodo dragons
  2 trolls
  A polar bear (Lair:2)
  Prince Ribbit (D:8)
  6 dream sheep (Lair:3)
  12 blink frogs
  A shadow (D:10)
  2 wraiths
  2 vampires
  3 wyverns
  A basilisk (Lair:1)
  25 yaks
  A steam dragon (D:9)
  2 vampire mosquitoes (D:11)
  A warg (D:10)
  Edmund (D:4)
  A naga (Lair:3)
  An acid dragon (D:11)
  5 water moccasins
  5 orc warriors
  4 ice beasts
  2 black bears
  2 sky beasts
  An ogre (D:4)
  25 wolves
  A centaur (D:9)
  A phantom (D:5)
  A lemure (D:4)
  Blork the orc (D:4)
  7 kobold brigands
  14 bullfrogs
  2 gnoll sergeants (D:11)
  13 killer bees
  5 electric eels
  3 howler monkeys (D:10)
  8 jellies
  A bombardier beetle (D:5)
  5 orc priests
  A hound (D:7)
  3 iguanas
  15 orc wizards
  11 gnolls
  4 adders
  A white imp (D:6)
  2 ufetubi (D:6)
  4 ribbon worms
  36 orcs
  10 ball pythons
  11 endoplasms
  A giant cockroach (D:1)
  3 goblins
  6 hobgoblins
  3 jackals (D:4)
  4 quokkas
  10 bats
  5 frilled lizards
  31 kobolds
  5 rats
387 creatures vanquished.

Notes
Turn   | Place    | Note
-------+----------+-------------------------------------------
     0 | D:1      | DildoBatman the Formicid Conjurer began the quest for the
                  | Orb.
     0 | D:1      | Reached XP level 1. HP: 13/13 MP: 3/3
   289 | D:1      | Reached XP level 2. HP: 20/20 MP: 3/5
   292 | D:1      | Learned a level 2 spell: Searing Ray
   813 | D:2      | Reached skill level 1 in Armour
   813 | D:2      | Reached XP level 3. HP: 24/25 MP: 0/6
   864 | D:2      | Found Dicsu's Book Shoppe.
  1006 | D:2      | Reached skill level 1 in Fighting
  1102 | D:2      | Identified the +8 mace "Kyer" {drain, ^Contam rF++ Int+5}
  1570 | D:3      | Reached XP level 4. HP: 32/32 MP: 7/7
  1883 | D:3      | Noticed a +0 dagger
  1884 | D:3      | Noticed a +0 dagger
  1887 | D:3      | Found a hide-covered altar of Uskayaw.
  1970 | D:3      | Found a faded altar of an unknown god.
  2325 | D:4      | Noticed Edmund
  2492 | D:4      | Noticed an ice beast
  2515 | D:4      | Noticed a lemure
  2693 | D:4      | Found a shimmering blue altar of Sif Muna.
  2719 | D:4      | Found a white marble altar of Elyvilon.
  2798 | D:4      | Reached skill level 1 in Maces & Flails
  2874 | D:4      | Noticed an ogre
  3072 | D:4      | Killed an ogre
  3073 | D:4      | Reached skill level 1 in Shields
  3073 | D:4      | Reached XP level 5. HP: 38/38 MP: 0/9
  3184 | D:5      | Entered Level 5 of the Dungeon
  3203 | D:5      | Reached XP level 6. HP: 31/44 MP: 10/10
  3388 | D:5      | Identified the +2 robe "Lyocwang" {^Drain +Inv rCorr Dex+8}
  3536 | D:5      | Found Iggaluv's Antique Armour Shoppe.
  3684 | D:5      | Found a snail-covered altar of Cheibriados.
  3827 | D:5      | Found a radiant altar of Vehumet.
  3964 | D:5      | Learned a level 2 spell: Cigotuvi's Dreadful Rot
  4543 | D:6      | Reached XP level 7. HP: 50/50 MP: 5/11
  5268 | D:7      | Noticed Joseph
  5305 | D:7      | Reached XP level 8. HP: 57/57 MP: 11/13
  5347 | D:7      | Noticed a walking earthen tome
  5352 | D:7      | Found Vedoyciloc's Book Shoppe.
  5355 | D:7      | Noticed a walking divine tome
  5420 | D:7      | Noticed a troll
  5452 | D:7      | Found a sparkling altar of Nemelex Xobeh.
  5456 | D:7      | Found an opulent altar of Gozag.
  5461 | D:7      | Found a shadowy altar of Dithmenos.
  5576 | D:7      | Killed a troll
  5637 | D:7      | Found a staircase to the Ecumenical Temple.
  5698 | D:7      | Became a worshipper of Gozag Ym Sagoz the Greedy
  5957 | D:4      | Noticed Blork the orc
  5980 | D:4      | Killed Blork the orc
  6118 | D:4      | Killed Edmund
  6152 | D:4      | Noticed Pikel
  6208 | D:4      | Killed Pikel
  6209 | D:4      | Reached skill level 5 in Spellcasting
  6209 | D:4      | Reached skill level 5 in Conjurations
  6209 | D:4      | Reached XP level 9. HP: 55/66 MP: 14/16
  6751 | D:5      | Reached skill level 5 in Armour
  6790 | D:5      | Reached skill level 5 in Fighting
  6861 | D:5      | Killed a large slime creature
  6894 | D:5      | Reached skill level 1 in Necromancy
  6904 | D:5      | Found a glowing golden altar of the Shining One.
  6904 | D:5      | Found a stormy altar of Qazlal.
  6904 | D:5      | Found an ornate altar of the Wu Jian Council.
  6904 | D:5      | Found an ancient bone altar of Kikubaaqudgha.
  6904 | D:5      | Found a shimmering altar of Xom.
  6904 | D:5      | Found a white marble altar of Elyvilon.
  7075 | D:7      | Killed Joseph
  7154 | D:7      | Found a sacrificial altar of Ru.
  7176 | D:7      | Reached skill level 5 in Necromancy
  7176 | D:7      | Reached XP level 10. HP: 53/74 MP: 19/19
  7369 | D:7      | Noticed Maurice
  7388 | D:7      | Maurice stole a +5 ring of evasion
  7406 | D:7      | Maurice stole a throwing net
  7408 | D:7      | Maurice stole an orb of energy
  7412 | D:7      | Maurice stole 318 gold
  7413 | D:7      | Maurice stole 249 gold
  7419 | D:7      | Killed Maurice
  7559 | D:7      | Found a stormy altar of Qazlal.
  7562 | D:7      | Found a blossoming altar of Fedhas.
  7830 | D:2      | Bought a book of Touch for 220 gold pieces
  7835 | D:2      | Learned a level 4 spell: Dispel Undead
  7835 | D:2      | Bought the Omnibus of Toxic Haze for 280 gold pieces
  7839 | D:2      | Learned a level 3 spell: Mephitic Cloud
  7975 | D:8      | Found a shimmering altar of Xom.
  8048 | D:8      | Noticed Jeremiah
  8123 | D:8      | Killed Jeremiah
  8124 | D:8      | Reached skill level 1 in Alchemy
  8158 | D:8      | Reached skill level 1 in Air Magic
  8849 | D:8      | Noticed Prince Ribbit
  8860 | D:8      | Killed Prince Ribbit
  9013 | D:9      | Reached XP level 11. HP: 74/79 MP: 21/21
  9082 | D:9      | Found a staircase to the Orcish Mines.
  9337 | D:9      | Noticed a white ugly thing
  9339 | D:9      | Noticed a centaur warrior
  9437 | D:7      | Bought Great Wizards, Vol. II for 456 gold pieces
  9443 | D:7      | Learned a level 5 spell: Borgnjor's Vile Clutch
  9638 | D:9      | Reached skill level 5 in Alchemy
  9643 | D:9      | Killed a centaur warrior
 10153 | D:9      | Killed a white ugly thing
 10196 | D:9      | Identified the +10 longbow of Dismemberment {heavy, rF++}
 10201 | D:9      | Got the Octavo of Windy Curses
 10316 | D:9      | Found a burning altar of Makhleb.
 10400 | D:10     | Entered Level 10 of the Dungeon
 10421 | D:10     | Reached skill level 5 in Earth Magic
 10535 | D:10     | Found a staircase to the Lair.
 11282 | D:2      | Bought a book of Necromancy for 340 gold pieces
 11282 | D:2      | Bought a book of Frost for 200 gold pieces
 11286 | D:2      | Learned a level 3 spell: Vampiric Draining
 11290 | D:2      | Learned a level 3 spell: Frozen Ramparts
 11491 | D:11     | Reached skill level 1 in Ice Magic
 11605 | D:11     | Reached XP level 12. HP: 80/86 MP: 14/22
 12174 | D:11     | Reached skill level 5 in Ice Magic
 12208 | D:11     | Noticed a two-headed ogre
 12229 | D:11     | Killed a two-headed ogre
 12388 | Lair:1   | Entered Level 1 of the Lair of Beasts
 12388 | Lair:1   | Found the +7 Kryia's mail coat {PotionHeal*2 rC+}
 12640 | Lair:1   | Identified the beast talisman of Infinity {Str+3 Int+3
                  | Slay+2}
 12748 | Lair:1   | Reached skill level 1 in Shapeshifting
 13271 | Lair:2   | Reached skill level 10 in Earth Magic
 13317 | Lair:2   | Reached XP level 13. HP: 71/91 MP: 22/25
 13426 | Lair:2   | Noticed Amaemon
 13442 | Lair:2   | Reached skill level 10 in Necromancy
 13450 | Lair:2   | Killed Amaemon
 13810 | Lair:2   | Reached skill level 5 in Shapeshifting
 14016 | Lair:2   | Found a staircase to the Swamp.
 14233 | Lair:3   | Gained mutation: Your spells are a little harder to cast,
                  | but a little more powerful. [potion of mutation]
 14234 | Lair:3   | Lost mutation: Your spells are a little harder to cast, but
                  | a little more powerful. [potion of mutation]
 14234 | Lair:3   | Gained mutation: You are clumsy. (Dex -2) [potion of
                  | mutation]
 14234 | Lair:3   | Gained mutation: You are partially covered in iridescent
                  | scales. (AC +2) [potion of mutation]
 14296 | Lair:3   | Found a staircase to the Snake Pit.
 14516 | Lair:3   | Reached skill level 5 in Shields
 14716 | Lair:3   | Reached XP level 14. HP: 78/98 MP: 11/26
 14886 | Lair:3   | Noticed Nessos
 14896 | Lair:3   | HP: 3/96 [poisoned by Nessos]
 14901 | Lair:3   | Killed Nessos
 15756 | Lair:4   | Noticed Rupert
 15763 | Lair:4   | HP: 2/98 [Rupert/+4 triple sword of freezing (22)]
 15763 | Lair:4   | Slain by Rupert

Illustrated notes

Levels and vault maps discovered:
D:1:      scummos_arrival_forest, layout_basic
D:2:      layout_rooms, serial_shops, nicolae_shop_stone
D:3:      layout_basic, dancing_weapons_uskayaw, chequers_ecumenical_altar_lobes
D:4:      layout_gridville, elyvilon_altar_4, mainiacjoe_overflow_catwalk,
          hangedman_abyss_or_decor_stagger, uniq_pikel, uniq_blork_the_orc,
          uniq_edmund
D:5:      cheibrodos_fertilizer, layout_layer_cave, fiery_altar_vehumet,
          chei_slow_surprise, serial_shops, nicolae_shop_scrapyard
D:6:      layout_rooms, st_stairs_14, amcnicky_mini_pool_small
D:7:      layout_basic, grunt_temple_overflow_forces_of_nature,
          amcnicky_altar_gilded, grunt_temple_overflow_diamond,
          minmay_temple_entry_sparse_star, serial_shops,
          nicolae_shop_mannequins, uniq_joseph, uniq_maurice
D:8:      layout_basic, mainiacjoe_overflow_24_doors, roderic_batcave,
          uniq_jeremiah, uniq_prince_ribbit1
D:9:      layout_long_grid, lightli_temple_of_fire, orc_0_dummy,
          minmay_mirror_moons_of_madness
D:10:     layout_roguey, erik_lair_orcish_takeover
D:11:     layout_rooms, lightli_church_of_beogh
Lair:1:   layout_misc_corridors, minivault_11, serial_bayou_pond_b,
          beast_lair_carwin_3, grunt_megastairs_5
Lair:2:   layout_roguey, nicolae_swamp_entry_splash_gauntlet, uniq_amaemon
Lair:3:   layout_gridlike, guppyfry_snake_entry_island, serial_bayou,
          serial_bayou_shore_b, serial_bayou_pond_a, serial_bayou_lake_a,
          serial_bayou_shore_a, uniq_nessos
Lair:4:   layout_layer_cave, uniq_rupert

Skill      XL: |  1  2  3  4  5  6  7  8  9 10 11 12 13 14 |
---------------+-------------------------------------------+-----
Dodging        | 2 3 |  3.6
Armour         | 1 2 3 4 5 |  5.5
Fighting       | 1 2 4 5 |  5.5
Stealth        | 3 4 |  4.0
Maces & Flails | 1 2 3 4 |  4.0
Shields        | 1 2 3 8 9 |  9.0
Conjurations   | 4 5 6 |  6.0
Spellcasting   | 3 5 6 7 8 |  8.0
Necromancy     | 5 8 9 11 | 11.0
Alchemy        | 3 6 |  6.0
Air Magic      | 2 4 |  4.0
Earth Magic    | 8 10 11 | 11.0
Ice Magic      | 2 6 |  6.0
Shapeshifting  | 2 7 |  7.0

Action                     |  1- 3 |  4- 6 |  7- 9 | 10-12 | 13-15 || total
---------------------------+-------+-------+-------+-------+-------++-------
  Melee: Unarmed           |     6 |       |       |       |       ||     6
         Mace              |    29 |    55 |    98 |   437 |   167 ||   786
  Throw: Dart              |       |       |    11 |       |     1 ||    12
   Cast: Magic Dart        |    30 |    20 |    10 |    19 |     1 ||    80
         Searing Ray       |     4 |     6 |    14 |    18 |       ||    42
         Cigotuvi's Dreadf |       |       |     2 |     1 |       ||     3
         Borgnjor's Vile C |       |       |       |    23 |    50 ||    73
         Mephitic Cloud    |       |       |       |     8 |       ||     8
         Dispel Undead     |       |       |       |     9 |     1 ||    10
         Frozen Ramparts   |       |       |       |    16 |    19 ||    35
         Vampiric Draining |       |       |       |     2 |    19 ||    21
 Invoke: Potion Petition   |       |       |       |       |     1 ||     1
    Use: Scroll            |       |     3 |     1 |     6 |     2 ||    12
         Potion            |       |       |       |       |     4 ||     4
   Stab: Sleeping          |     3 |     4 |     2 |     3 |       ||    12
         Distracted        |       |       |     2 |     3 |     3 ||     8
         Confused          |       |       |       |    11 |       ||    11
 Armour: Robe              |    21 |    23 |    44 |   167 |       ||   255
         Scale mail        |       |       |       |    42 |   166 ||   208
  Dodge: Dodged            |    24 |    44 |    66 |   362 |   150 ||   646
  Block: Buckler           |       |     4 |    43 |   150 |    46 ||   243
         Kite shield       |       |       |       |       |    30 ||    30
         Form:             |       |       |       |     4 |     1 ||     5
         Beast             |       |       |       |     4 |     1 ||     5
